 Dungeon Crawl Stone Soup version 0.28-a0-1387-g3a22ab9bdc (webtiles) character file.

Game seed: 14001462993179423080

2271 Deminshera the Covert (level 9, -8/57 HPs)
             Began as a Kobold Brigand on Jan 2, 2022.
             Was a Believer of Uskayaw.
             Mangled by a hornet zombie (9 damage)
             ... on level 6 of the Dungeon.
             The game lasted 00:07:32 (9052 turns).

Deminshera the Covert (Kobold Brigand)              Turns: 9052, Time: 00:07:33

Health: -8/57      AC:  4    Str: 12    XL:     9   Next: 65%
Magic:  11/11      EV: 21    Int: 12    God:    Uskayaw [**....]
Gold:   357        SH:  0    Dex: 17    Spells: 8/8 levels left

rFire   . . .      SeeInvis .   l - +2 dagger (venom)
rCold   . . .      Faith    .   (no shield)
rNeg    . . .      Spirit   .   b - +0 robe
rPois   +          Reflect  .   v - +0 helmet
rElec   .          Harm     .   c - +0 cloak
rCorr   .          Rampage  .   (no gloves)
Will    .....                   (no boots)
Stlth   +++++.....              (no amulet)
HPRegen 0.19/turn               r - ring of poison resistance
MPRegen 0.12/turn               s - +4 ring of evasion

@: no status effects
A: small, no large weapons, nightstalker 3
a: Renounce Religion, Stomp, Line Pass


You were on level 6 of the Dungeon.
You worshipped Uskayaw.
Uskayaw was noncommittal.
You visited 2 branches of the dungeon, and saw 7 of its levels.

You collected 357 gold pieces.

Inventory:

Hand Weapons
 l - a +2 dagger of venom (weapon)
 q - a +0 dagger of draining
Missiles
 d - 24 poisoned darts (quivered)
 e - 3 curare-tipped darts
Armour
 b - a +0 robe (worn)
 c - a +0 cloak (worn)
 v - a +0 helmet (worn)
Jewellery
 m - an amulet of magic regeneration
 r - a ring of poison resistance (left hand)
 s - a +4 ring of evasion (right hand)
 x - the ring "Ynnih" {Wiz rF+}
   (You found it on level 5 of the Dungeon)

   [ring of wizardry]

   It improves your spell success rate.
   rF:        It protects you from fire.
 A - a ring of ice
 B - a ring of protection from cold
Wands
 y - a wand of flame (18)
Scrolls
 f - 3 scrolls of blinking {unknown}
 g - 4 scrolls of identify {unknown}
 i - a scroll of teleportation {unknown}
 k - 2 scrolls of noise {unknown}
 n - a scroll of enchant armour {unknown}
 o - a scroll of magic mapping {unknown}
 C - a scroll of fear {unknown}
Potions
 a - 2 potions of heal wounds {unknown}
 h - 2 potions of mutation {unknown}
 j - a potion of lignification {unknown}
 p - 2 potions of might {unknown}
 t - a potion of attraction {unknown}
 u - 3 potions of brilliance {unknown}
 w - a potion of flight {unknown}
 z - a potion of curing {unknown}


   Skills:
 - Level 7.0 Fighting
 - Level 6.0 Short Blades
 - Level 5.0 Throwing
 - Level 5.0 Dodging
 + Level 9.8 Stealth
 + Level 3.7 Invocations
 + Level 4.2 Evocations


You had 8 spell levels left.
You didn't know any spells.
Your spell library was empty.

Dungeon Overview and Level Annotations

Branches:
Dungeon (6/15)             Temple (1/1) D:4

Altars:
Ashenzari
Cheibriados
Dithmenos
Fedhas
Gozag
Hepliaklqana
Kikubaaqudgha
Qazlal
Sif Muna
Trog
Uskayaw
Vehumet
Wu Jian
Xom
Yredelemnul
Zin

Annotations:
D:4 1 runed translucent door, Crazy Yiuf
D:6 3 runed translucent doors, Deminshera's ghost, novice KoBr


Innate Abilities, Weirdness & Mutations

You are small and have problems with some larger weapons.
You are completely attuned to the shadows.


Message History

The hornet zombie is severely damaged.
You hit the hornet zombie.
The hornet zombie is severely damaged.
The hornet zombie misses you.
You hit the hornet zombie.
The hornet zombie is severely damaged.
The hornet zombie misses you.
You hit the hornet zombie.
The hornet zombie is severely damaged.
The hornet zombie misses you.
You barely miss the hornet zombie.
The hornet zombie is severely damaged.
The hornet zombie hits you.
You hit the hornet zombie.
The hornet zombie is almost destroyed.
The hornet zombie hits you but does no damage.
You hit the hornet zombie.
The hornet zombie is almost destroyed.
The hornet zombie hits you!
* * * LOW HITPOINT WARNING * * *
You are too injured to fight recklessly!
You are too injured to fight recklessly!
You hit the hornet zombie but do no damage.
The hornet zombie is almost destroyed.
The hornet zombie hits you!
* * * LOW HITPOINT WARNING * * *
You hit the hornet zombie.
The hornet zombie is almost destroyed.
The hornet zombie barely misses you.
You hit the hornet zombie.
The hornet zombie is almost destroyed.
The hornet zombie hits you!
* * * LOW HITPOINT WARNING * * *
Aiming: Throw Flame
Press: ? - help, Shift-Dir - straight line, f - hornet zombie
Aim: a hornet zombie (almost destroyed, 75% to hit)
The puff of flame hits the hornet zombie.
The hornet zombie is almost destroyed.
The hornet zombie hits you!
You die...

.##### .....# .###.# #.#
## #.# #.# #.# # #.# #.#
#.# #.# #รท# #.#
#.####.#####.########
#...................####
######.#####.@Z........#
#.# #.######.##.# ###
#.# #.# #)##.#
..#######.# #.# #.##.#
#.........# #.# #....#
#..########
#.########..# ...#
#...).)<)...# #.##
#.########.## #.#
######.# #.#


You could see a hornet zombie.

Vanquished Creatures
  A hornet (D:6)
  Eustachio (D:4)
  Edmund (D:5)
  A water moccasin (D:5)
  An orc warrior (D:6)
  An ice beast (D:6)
  A necrophage (D:5)
  4 ogres
  A phantom (D:6)
  Blork the orc (D:5)
  A kobold brigand (D:6)
  3 scorpions
  2 vampire bats (D:3)
  2 howler monkeys
  A jelly (D:4)
  2 hounds
  A bullfrog skeleton (D:6)
  A bullfrog zombie (D:5)
  An orc priest (D:6)
  A centaur skeleton (D:6)
  A gnoll shaman (D:6)
  An iguana (D:5)
  A killer bee zombie (D:5)
  A hound skeleton (D:5)
  9 gnolls
  4 adders
  A howler monkey skeleton (D:6)
  2 adder skeletons (D:4)
  2 worms
  5 dart slugs
  5 orcs
  7 ball pythons
  6 bats
  A bat skeleton (D:3)
  3 bat zombies (D:3)
  13 endoplasms
  6 giant cockroaches
  11 goblins
  8 hobgoblins
  6 quokkas
  10 frilled lizards
  14 kobolds
  5 rats
150 creatures vanquished.

Vanquished Creatures (others)
  12 plants (D:6)
12 creatures vanquished.

Grand Total: 162 creatures vanquished

Notes
Turn   | Place    | Note
-------+----------+-------------------------------------------
     0 | D:1      | Deminshera the Kobold Brigand began the quest for the Orb.
     0 | D:1      | Reached XP level 1. HP: 12/12 MP: 1/1
   145 | D:1      | Reached XP level 2. HP: 18/18 MP: 2/2
   732 | D:1      | Reached XP level 3. HP: 22/22 MP: 3/3
  1599 | D:2      | Reached XP level 4. HP: 27/27 MP: 4/4
  2488 | D:3      | Found a faded altar of an unknown god.
  2718 | D:3      | Found an ancient bone altar of Kikubaaqudgha.
  2740 | D:3      | Reached skill level 6 in Stealth
  2740 | D:3      | Reached XP level 5. HP: 27/32 MP: 5/5
  3413 | D:3      | Reached XP level 6. HP: 37/37 MP: 6/6
  3783 | D:4      | Found a staircase to the Ecumenical Temple.
  3789 | Temple   | Entered the Ecumenical Temple
  4404 | D:4      | Noticed Eustachio
  4407 | D:4      | Killed Eustachio
  4408 | D:4      | Reached skill level 5 in Short Blades
  4408 | D:4      | Reached skill level 7 in Stealth
  4408 | D:4      | Reached XP level 7. HP: 43/43 MP: 7/7
  4526 | D:4      | Found a runed translucent door.
  4529 | D:4      | Noticed Crazy Yiuf
  4793 | D:5      | Entered Level 5 of the Dungeon
  4926 | D:5      | Reached skill level 5 in Fighting
  4926 | D:5      | Reached skill level 5 in Throwing
  5007 | D:5      | Noticed Edmund
  5010 | D:5      | Killed Edmund
  5011 | D:5      | Reached XP level 8. HP: 49/49 MP: 8/8
  5030 | D:5      | Noticed Blork the orc
  5033 | D:5      | Killed Blork the orc
  5139 | D:5      | Found a hide-covered altar of Uskayaw.
  5150 | D:5      | Became a worshipper of Uskayaw the Reveller
  5463 | D:5      | Reached * piety under Uskayaw
  5494 | D:5      | Reached ** piety under Uskayaw
  6586 | D:5      | Found a bloodstained altar of Trog.
  6631 | D:5      | Identified the ring "Ynnih" {Wiz rF+}
  6643 | D:5      | Reached skill level 8 in Stealth
  7095 | D:5      | Reached skill level 1 in Evocations
  7408 | D:6      | Reached skill level 1 in Invocations
  7411 | D:6      | Reached *** piety under Uskayaw
  7413 | D:6      | Reached skill level 5 in Dodging
  7413 | D:6      | Reached XP level 9. HP: 49/55 MP: 8/10
  7874 | D:6      | Reached skill level 9 in Stealth
  8323 | D:6      | Found a runed translucent gate.
  8323 | D:6      | Found a runed translucent gate.
  8323 | D:6      | Found a runed translucent gate.
  8324 | D:6      | Noticed Deminshera's ghost (novice KoBr)
  8846 | D:6      | Noticed a hornet
  8850 | D:6      | Killed a hornet
  8877 | D:6      | Found a blossoming altar of Fedhas.
  9051 | D:6      | HP: 1/57 [hornet zombie (9)]
  9052 | D:6      | Mangled by a hornet zombie

Illustrated notes

Levels and vault maps discovered:
D:1:      evilmike_arrival_rings, layout_basic
D:2:      layout_basic
D:3:      layout_loops_ring, kennysheep_vampire_church,
          hellmonk_ecumenical_altar_slurped_away, minmay_joined_circles
D:4:      layout_rooms, minmay_temple_entry_antechambers, dk_noncrumbling_4,
          minmay_mini_jars, uniq_eustachio, uniq_crazy_yiuf_cottage
D:5:      layout_loops_corners, nicolae_overflow_crystal_walls,
          nicolae_uskayaw_murder_on_the_dancefloor, uniq_blork_the_orc,
          uniq_edmund
D:6:      layout_loops_ring, nicolae_ru_path_of_blood,
          fedhas_altar_decomposition, biasface_ghost_orc_armoury, uniq_maggie
Temple:   minmay_temple_forest_path

Skill      XL: |  1  2  3  4  5  6  7  8  9 |
---------------+----------------------------+-----
Short Blades   | 3 4 5 6 |  6.0
Dodging        | 2 3 5 |  5.0
Fighting       | 3 4 5 6 7 |  7.0
Throwing       | 3 4 5 |  5.0
Stealth        | 6 7 8 9 |  9.8
Evocations     | 1 4 |  4.2
Invocations    | 1 3 |  3.7

Action                   |  1- 3 |  4- 6 |  7- 9 || total
-------------------------+-------+-------+-------++-------
Melee: Dagger            |    86 |   134 |   284 ||   504
Throw: Dart              |     3 |     7 |    36 ||    46
Invok: Line Pass         |       |       |     1 ||     1
Evoke: Wand              |       |       |     1 ||     1
 Stab: Sleeping          |    23 |    32 |    17 ||    72
       Distracted        |       |     1 |     1 ||     2
       Paralysed         |       |       |     2 ||     2
Armor: Robe              |    18 |    18 |    19 ||    55
Dodge: Dodged            |    50 |    68 |   214 ||   332

Table legend: (Time is in decaauts)
 A = Elapsed time spent in this place.
 B = Non-inter-level travel time spent in this place.
 C = Inter-level travel time spent in this place.
 D = Time resting spent in this place.
 E = Time spent auto-exploring this place.
 F = Levels seen in this place.
 G = Mean time per level.
                   A        B        C        D        E       F      G
               +--------+--------+--------+--------+--------+-----+--------+
         Total |   8918 |   8772 |    146 |   2261 |   5400 |   7 | 1274.0 |
       Dungeon |   8493 |   8369 |    124 |   2261 |   5011 |   6 | 1415.5 |
        Temple |    424 |    402 |     22 |      0 |    389 |   1 |  424.0 |
               +--------+--------+--------+--------+--------+-----+--------+

Top non-repeatable levels by time:
     D:5: 2555 daAuts
     D:6: 1613 daAuts
     D:3: 1261 daAuts
     D:1: 1216 daAuts
     D:2: 1073 daAuts
     D:4: 773 daAuts
  Temple: 424 daAuts
